 Dungeon Crawl Stone Soup version 0.31-a0-1338-gb567cfdca4 (webtiles) character file.

Game seed: 14519481390243627352

1207 pablito the Grasshopper (level 8, -3/66 HPs)
             Began as an Armataur Warper on Nov 20, 2023.
             Was a Believer of Cheibriados.
             Slain by an ogre
             ... wielding a +0 giant club
              (14 damage)
             ... on level 6 of the Dungeon on Dec 22, 2023.
             The game lasted 00:33:37 (5307 turns).

pablito the Grasshopper (Armataur Warper)           Turns: 5307, Time: 00:33:38

Health: -3/66      AC: 11    Str: 29    XL:     8   Next: 21%
Magic:  0/13       EV:  7    Int: 16    God:    Cheibriados [**....]
Gold:   159        SH:  0    Dex: 13    Spells: 4/14 levels left

rFire   x . .        s - +5 mace (holy)
rCold   . . .        (no shield)
rNeg    . . .        I - +0 chain mail
rPois   .            (no helmet)
rElec   .            B - scarf {shadows}
rCorr   .            i - +0 pair of gloves
SInv    .            (no barding)
Will    .....        O - amulet of guardian spirit Stlth
                     D - +6 ring of strength
HPRegen 0.31/turn    v - +4 ring of slaying
MPRegen 0.13/turn

%: guardian spirit, roll
@: very slow
A: large, deformed body, tough skin 3, armoured tail, roll 2, iridescent scales
1, dopey 1, no potion heal 1, heat vulnerability 1, inability to drink after
injury 1
a: Renounce Religion, Bend Time


You were on level 6 of the Dungeon.
You worshipped Cheibriados.
Cheibriados was pleased with you.
You visited 2 branches of the dungeon, and saw 7 of its levels.
You also visited: Ossuary.

You collected 247 gold pieces.
You spent 88 gold pieces at shops.

Inventory:

Hand Weapons
 a - a +0 mace
 c - a +1 whip of distortion
 n - a +1 dagger of protection
 s - a +5 mace of holy wrath (weapon)
 w - the +6 dagger of the Two Names {venom, rC++ Str+4 Dex-4}
   (You found it on level 3 of the Dungeon)

   Str+4:     It affects your strength (+4).
   Dex-4:     It affects your dexterity (-4).
   rC++:      It greatly protects you from cold.
 x - the +7 falchion "Difa" {flame, rElec rCorr Int-5}
   (You found it on level 3 of the Dungeon)

   Int-5:     It affects your intelligence (-5).
   rElec:     It insulates you from electricity.
   rCorr:     It protects you from acid and corrosion.
Missiles
 d - 7 darts of dispersal (quivered)
 f - 5 poisoned darts
 r - 6 boomerangs
 z - 4 javelins
Armour
 b - a +0 leather armour
 e - a +0 cloak
 i - a +0 pair of gloves (worn)
 y - a scarf of invisibility
 B - a scarf of shadows (worn)
 I - a +0 chain mail (worn)
Magical Staves
 l - a staff of alchemy
 q - a staff of conjuration
Jewellery
 t - a ring of poison resistance
 v - a +4 ring of slaying (right hand)
 D - a +6 ring of strength (left hand)
 O - an amulet of guardian spirit (around neck)
Wands
 p - a wand of digging (5)
 K - a wand of mindburst (6)
Scrolls
 h - a scroll of immolation
 j - 4 scrolls of teleportation
 o - 2 scrolls of torment
 A - a scroll of revelation
 F - a scroll of vulnerability {unknown}
 H - a scroll of enchant armour {unknown}
 L - 3 scrolls of identify
 M - a scroll of fog {unknown}
 N - a scroll of acquirement {unknown}
Potions
 g - 3 potions of curing
 k - 4 potions of heal wounds
 m - a potion of haste
 u - a potion of lignification
 C - a potion of magic
 E - 2 potions of brilliance
 G - a potion of berserk rage
 J - a potion of cancellation {unknown}


   Skills:
 + Level 4.1 Fighting
 + Level 4.1 Maces & Flails
 - Level 2.2 Throwing
 + Level 4.7 Armour
 - Level 2.3 Dodging
 + Level 3.7 Spellcasting
 + Level 5.0 Translocations


You had 4 spell levels left.
You knew the following spells:

 Your Spells              Type           Power      Damage    Failure   Level
a - Blink                 Tloc           38%        N/A       13%         2
b - Vhi's Electric Charg  Tloc/Air       22%        N/A       94%         4
c - Manifold Assault      Tloc           19%        N/A       65%         4

Your spell library contained the following spells:

 Spells                   Type           Power      Damage    Failure   Level
 Lesser Beckoning         Tloc           38%        N/A       13%         2
 Teleport Other           Tloc           19%        N/A       26%         3
 Sting                    Conj/Alch      12%        1d3       56%         1
 Call Imp                 Summ           6%         N/A       71%         2
 Mercury Vapours          Alch/Air       6%         N/A       71%         2
 Sublimation of Blood     Necr           3%         N/A       71%         2
 Fugue of the Fallen      Necr           3%         N/A       91%         3
 Ozocubu's Armour         Ice            3%         N/A       91%         3
 Olgreb's Toxic Radiance  Alch           3%         N/A       100%        4
 Summon Hydra             Summ           1%         N/A       100%        7
 Discord                  Hex            1%         N/A       100%        8
 Ignition                 Fire           1%         3d3       100%        8


Dungeon Overview and Level Annotations

Branches:
Dungeon (6/15)             Temple (1/1) D:4         Ossuary (visited)

Altars:
Ashenzari
Cheibriados
Dithmenos
Fedhas
Gozag
Hepliaklqana
Nemelex Xobeh
Okawaru
Ru
Uskayaw
Vehumet
Wu Jian
Xom
Yredelemnul
Zin
The Shining One

Shops:
D:4 !=*:


Innate Abilities, Weirdness & Mutations

Armour fits poorly on your strangely shaped body.
You have extremely tough skin. (AC +3)
You have a long armoured tail.
You regenerate magic and health when rolling toward enemies. (Rampage Regen)
You are partially covered in iridescent scales. (AC +2)
You are dopey. (Int -2)
Potions are less effective at restoring your health.
You are vulnerable to heat. (rF-)
You occasionally lose the ability to drink potions when taking damage.


Message History

The orc closely misses you. The orc hits you with a +0 short sword.
You closely miss the orc.
Your tail-slap misses the orc.
The orc hits you with a +0 short sword.
You sock the orc!
You kill the orc!
Cheibriados appreciates the change of pace.
You see here a +0 short sword.
Found 12 gold pieces.
Things that are here:
a +0 dagger; a +0 robe; an orc corpse
Items here: )) [[.
Things that are here:
a +0 club; a +0 ring mail
Items here: )) [[.
Okay, then.
Things that are here:
a +0 dagger; a +0 robe; an orc corpse You now have 159 gold pieces (gained 12).
An ogre comes into view. It is wielding a +0 giant club.
The ogre shouts!
Something shouts, "Give up, thou foppish pigeon-egg ratsbane!"
You roll towards the ogre!
A white imp comes into view.
The white imp shouts!
The ogre hits you with a +0 giant club!!
You hit the ogre.
The ogre is lightly wounded.
The ogre hits you with a +0 giant club!
You sock the ogre!
The ogre is severely wounded.
The ogre hits you with a +0 giant club!!
You closely miss the ogre.
The ogre is severely wounded.
The ogre hits you with a +0 giant club!
You thump the ogre!
The ogre is almost dead.
The ogre hits you with a +0 giant club!
* * * LOW HITPOINT WARNING * * *
The ogre attacks as it pursues you! The ogre hits you with a +0 giant club!
You die...

## #######....
#...5...#
#...##....# ..
#.O.# .... #.
#####@..# #..
.#. #.......# .
...
#.##.##.#####.
...
#.##....#.....
...
#.####.......#
... #.#
#.......# ...
##.####)).....#
...
#......)).....#
...
#.###.....#...#
...


You could see an ogre and a white imp.

Vanquished Creatures
  An ogre (D:5)
  A centaur (D:6)
  3 elf zombies (Ossuary)
  2 scorpions
  2 hounds
  2 human zombies (Ossuary)
  An orc priest (D:4)
  A spectral scorpion (Ossuary)
  2 iguanas (D:6)
  6 orc wizards
  A crocodile zombie (Ossuary)
  3 hound zombies (Ossuary)
  3 mummies (Ossuary)
  6 adders
  4 bombardier beetles
  6 adder zombies (Ossuary)
  A worm (D:2)
  4 dart slugs
  14 orcs
  9 ball pythons
  7 bats
  4 endoplasms
  2 giant cockroaches (D:4)
  7 hobgoblins
  3 jackals (D:4)
  11 kobolds
  4 quokkas
  5 ball python zombies (Ossuary)
  5 frilled lizards
  2 gnoll zombies (Ossuary)
  7 goblins
  7 hobgoblin zombies (Ossuary)
  2 jackal zombies (Ossuary)
  2 orc zombies (Ossuary)
  5 quokka zombies (Ossuary)
  3 rats
148 creatures vanquished.

Notes
Turn   | Place    | Note
-------+----------+-------------------------------------------
     0 | D:1      | pablito the Armataur Warper began the quest for the Orb.
     0 | D:1      | Reached XP level 1. HP: 18/18 MP: 3/3
    45 | D:1      | Reached skill level 1 in Throwing
    62 | D:1      | Reached XP level 2. HP: 20/25 MP: 4/4
   134 | D:1      | Learned a level 2 spell: Blink
   146 | D:1      | Found a faded altar of an unknown god.
   240 | D:1      | Reached XP level 3. HP: 31/31 MP: 5/5
   921 | D:2      | Upgraded the game from 0.31-a0-986-g5e6e4ef867 to
                  | 0.31-a0-1338-gb567cfdca4
   978 | D:2      | Reached XP level 4. HP: 20/36 MP: 7/7
  2146 | D:3      | Reached XP level 5. HP: 39/42 MP: 8/8
  2391 | D:3      | Identified the +7 falchion "Difa" {flame, rElec rCorr
                  | Int-5}
  2404 | D:3      | Identified the +6 dagger of the Two Names {venom, rC++
                  | Str+4 Dex-4}
  2587 | D:3      | Found a broken altar of Ashenzari.
  3035 | D:4      | Found Neodwiad's Distillery.
  3040 | D:4      | Bought 2 potions of curing for 60 gold pieces
  3154 | D:4      | Found Fomn's Book Shop.
  3212 | D:4      | Found Heejin's General Store.
  3217 | D:4      | Bought a scroll of identify for 28 gold pieces
  3265 | D:4      | Found a radiant altar of Vehumet.
  3265 | D:4      | Found a glowing silver altar of Zin.
  3675 | D:4      | Found Kalits's Jewellery Shop.
  3688 | D:4      | Found a staircase to the Ecumenical Temple.
  3696 | Temple   | Entered the Ecumenical Temple
  3711 | Temple   | Became a worshipper of Cheibriados the Contemplative
  3743 | D:4      | Found a sacrificial altar of Ru.
  3797 | D:5      | Entered Level 5 of the Dungeon
  3805 | D:5      | Reached XP level 6. HP: 45/50 MP: 9/9
  3923 | D:5      | Learned a level 4 spell: Vhi's Electric Charge
  3928 | D:5      | Learned a level 4 spell: Manifold Assault
  4226 | D:5      | Reached skill level 4 in Translocations
  4478 | D:6      | Found a sand-covered staircase.
  4483 | Ossuary  | Entered an ossuary
  4514 | Ossuary  | Gained mutation: You regenerate magic and health when
                  | rolling toward enemies. (Rampage Regen) [Armataur growth]
  4514 | Ossuary  | Reached XP level 7. HP: 55/57 MP: 11/11
  4558 | Ossuary  | Reached * piety under Cheibriados
  4713 | Ossuary  | Gained mutation: You passively dampen the noise of your
                  | surroundings. [potion of mutation]
  4713 | Ossuary  | Gained mutation: You are dopey. (Int -2) [potion of
                  | mutation]
  4713 | Ossuary  | Gained mutation: You possess an exceptional clarity of
                  | mind. [potion of mutation]
  4746 | Ossuary  | Lost mutation: You passively dampen the noise of your
                  | surroundings. [potion of mutation]
  4746 | Ossuary  | Lost mutation: You possess an exceptional clarity of mind.
                  | [potion of mutation]
  4746 | Ossuary  | Gained mutation: You occasionally lose the ability to drink
                  | potions when taking damage. [potion of mutation]
  4746 | Ossuary  | Gained mutation: Potions are less effective at restoring
                  | your health. [potion of mutation]
  4746 | Ossuary  | Gained mutation: You are vulnerable to heat. (rF-) [potion
                  | of mutation]
  4746 | Ossuary  | Gained mutation: You are partially covered in iridescent
                  | scales. (AC +2) [potion of mutation]
  4906 | D:6      | Reached XP level 8. HP: 61/66 MP: 13/13
  5153 | D:6      | Reached skill level 5 in Translocations
  5268 | D:6      | Reached ** piety under Cheibriados
  5307 | D:6      | Slain by an ogre

Illustrated notes

Levels and vault maps discovered:
D:1:      lemuel_arrival_lava_pool, layout_basic,
          hellmonk_ecumenical_altar_blasted
D:2:      layout_basic, kennysheep_generic_room_9
D:3:      layout_basic, nicolae_ashenzari_panopticon, hangedman_decor_growths
D:4:      layout_gridville, nicolae_overflow_hidden_temple,
          minmay_temple_entry_proselytizer, serial_shops,
          nicolae_shop_hallway_stairs, shop_statue, shop,
          nicolae_shop_rolling_square
D:5:      layout_cave_pools
D:6:      minmay_razor_zed, layout_basic, marbit_many_paths, enter_ossuary_2,
          minmay_misc_feat_rugged, chequers_avenue
Temple:   nicolae_temple_ecumenical_triangle

Skill      XL: |  1  2  3  4  5  6  7  8 |
---------------+-------------------------+-----
Throwing       | 1 2 |  2.2
Maces & Flails | 2 3 4 |  4.1
Fighting       | 2 3 4 |  4.1
Spellcasting   | 2 3 |  3.7
Armour         | 2 3 4 |  4.7
Dodging        | 2 |  2.3
Translocations | 4 5 |  5.0

Action                     |  1- 3 |  4- 6 |  7- 9 || total
---------------------------+-------+-------+-------++-------
  Melee: Mace              |    34 |    77 |   123 ||   234
         Tailslap          |    13 |    13 |     9 ||    35
         Whip              |    58 |    76 |       ||   134
         Punch             |     2 |     2 |     2 ||     6
    Use: Scroll            |     1 |    11 |     1 ||    13
         Potion            |     1 |     2 |     2 ||     5
 Armour: Leather armour    |    64 |   102 |     1 ||   167
         Chain mail        |       |    12 |   112 ||   124
  Dodge: Dodged            |    34 |    65 |    36 ||   135

Table legend: (Time is in decaauts)
 A = Elapsed time spent in this place.
 B = Non-inter-level travel time spent in this place.
 C = Inter-level travel time spent in this place.
 D = Time resting spent in this place.
 E = Time spent auto-exploring this place.
 F = Levels seen in this place.
 G = Mean time per level.
                   A        B        C        D        E       F      G
               +--------+--------+--------+--------+--------+-----+--------+
         Total |   5703 |   5524 |    179 |    100 |   3781 |   8 |  712.9 |
       Dungeon |   5295 |   5121 |    174 |    100 |   3651 |   6 |  882.5 |
        Temple |     24 |     19 |      5 |      0 |      0 |   1 |   24.0 |
       Ossuary |    383 |    383 |      0 |      0 |    130 |   1 |  383.0 |
               +--------+--------+--------+--------+--------+-----+--------+

Top non-repeatable levels by time:
     D:3: 1265 daAuts
     D:2: 1117 daAuts
     D:4: 823 daAuts
     D:5: 803 daAuts
     D:6: 681 daAuts
     D:1: 603 daAuts
 Ossuary: 383 daAuts
  Temple: 24 daAuts
